 Dungeon Crawl Stone Soup version 0.24-a0-250-g6074511 (webtiles) character file.

Game seed: 4287517995814158419

3537 MatthieuS the Cleaver (level 9, 0/75 HPs)
             Began as a Demonspawn Berserker on Apr 13, 2019.
             Was an Elder of Trog.
             Slain by Harold
             ... wielding a +0 mace
              (19 damage)
             ... on level 7 of the Dungeon.
             The game lasted 00:10:40 (7458 turns).

MatthieuS the Cleaver (Demonspawn Berserker)        Turns: 7458, Time: 00:10:41

Health: 0/75       AC: 13    Str: 22    XL:     9   Next: 82%
Magic:  9/9        EV:  8    Int:  8    God:    Trog [****..]
Gold:   189        SH:  0    Dex: 15    Spells: 8/8 levels left

rFire    . . .     SeeInvis .   z - +6 battleaxe
rCold    . . .     Gourm    .   (shield currently unavailable)
rNeg     . . .     Faith    .   d - +0 chain mail
rPois    .         Spirit   .   (no helmet)
rElec    .         Reflect  .   m - +1 cloak
rCorr    .         Harm     .   (no gloves)
MR       .....                  l - +0 pair of boots
Stlth    +.........             (no amulet)
HPRegen  0.22/turn              y - ring of stealth
MPRegen  0.11/turn              k - +3 ring of dexterity

@: marked
A: hooves 1, slimy green scales 1, nightstalker 2, spiny 2
a: Berserk, Trog's Hand, Brothers in Arms, Renounce Religion


You were on level 7 of the Dungeon.
You worshipped Trog.
Trog was greatly pleased with you.
You were not hungry.

You visited 1 branch of the dungeon, and saw 7 of its levels.

You collected 364 gold pieces.
You spent 175 gold pieces at shops.

Inventory:

Hand Weapons
 a - a +1 hand axe
 z - a +6 battleaxe (weapon)
   (You took it off a wight on level 6 of the Dungeon)
Armour
 d - a +0 chain mail (worn)
   (You found it on level 1 of the Dungeon)
 l - a +0 pair of boots (worn)
   (You found it on level 2 of the Dungeon)
 m - a +1 cloak (worn)
   (You found it on level 2 of the Dungeon)
 p - a +0 buckler
   (You took it off an orc on level 3 of the Dungeon)
Jewellery
 k - a +3 ring of dexterity (right hand)
   (You found it on level 7 of the Dungeon)
 x - an uncursed ring of flight
   (You found it on level 6 of the Dungeon)
 y - a ring of stealth (left hand)
   (You bought it in a shop on level 5 of the Dungeon)
Wands
 v - a wand of digging (8)
   (You took it off Natasha on level 2 of the Dungeon)
 w - a wand of polymorph (5)
   (You took it off Ijyb on level 5 of the Dungeon)
Scrolls
 i - 2 scrolls of teleportation {@r4}
 o - 3 scrolls of remove curse {@r2}
 u - 2 scrolls of immolation {!r}
Potions
 c - a potion of brilliance {unknown}
 f - a potion of heal wounds {unknown}
 g - a potion of haste {unknown}
 h - 5 potions of agility {unknown}
 j - 2 potions of flight {unknown}
 q - a potion of might {unknown}
 r - 3 potions of curing {unknown}
 s - a potion of invisibility {unknown}
 t - a potion of ambrosia {unknown}
Comestibles
 b - 6 chunks of flesh
 e - 16 rations


   Skills:
 + Level 8.7 Fighting
 * Level 10.9 Axes
 - Level 1.7 Armour
 - Level 1.7 Dodging


You had 8 spell levels left.
You didn't know any spells.
Your spell library was empty.

Dungeon Overview and Level Annotations

Branches:
Dungeon (7/15)             Temple (0/1) D:4

Altars:
Gozag
Makhleb
Nemelex Xobeh
Okawaru
Zin

Shops:
D:5 *

Annotations:
D:7 Harold


Innate Abilities, Weirdness & Mutations

You have large cloven feet.
You are partially covered in slimy green scales. (AC +2)
You are significantly more attuned to the shadows.
You are mostly covered in sharp spines.


Message History

Things that are here:
a +0 hand axe; a +0 animal skin; a yak skeleton You feel yourself speed up.
e - 12 rations (gained 1)
e - 14 rations (gained 2)
e - 16 rations (gained 2)
You see here a hog skeleton.
There is an open door, spattered with blood here.
You recover from your berserk rage.
There is an open door here.
Some of the chunks of flesh in your inventory have rotted away.
Things that are here:
a +0 club; a +0 spear
There is an open door here.
Some of the chunks of flesh in your inventory have rotted away.
Found a stone staircase leading down.
Some of the chunks of flesh in your inventory have rotted away.
Found a stone staircase leading down.
Harold the Weathered comes into view.
He is wielding a +0 mace.
Harold throws a throwing net.
The throwing net hits you.
You become entangled in the net!
You see here a throwing net {!f}.
You struggle against the net.
Harold points at you and mumbles some strange words.
The harpoon shot hits you but does no damage.
You tear a large gash into the net.
Harold gestures at you while chanting. The harpoon shot hits you!
You are yanked forward by the harpoon shot.
You slash Harold! Harold hits you with a +0 mace!
You slice Harold!! Harold barely misses you.
Your chain mail prevents you from hitting Harold.
Harold closely misses you.
You completely miss Harold. Harold gestures at you while chanting.
A sentinel's mark forms upon you.
You hit Harold. Harold hits you with a +0 mace!
You slash Harold! Harold hits you but does no damage.
Unknown command.
Your chain mail prevents you from hitting Harold.
Harold hits you with a +0 mace!
* * * LOW HITPOINT WARNING * * *
Your chain mail prevents you from hitting Harold.
Harold hits you with a +0 mace!
* * * LOW HITPOINT WARNING * * *
You slash Harold! Harold is struck by your spines.
Harold hits you with a +0 mace!
* * * LOW HITPOINT WARNING * * *
You barely miss Harold. Harold hits you with a +0 mace!!
You die...

....######
#....##
......#
#....## #.#
#.#..# #.#
..#..# #.#
###..# ..
#.# ###..#
..# #@#
)....# ...
#@# #.....
.##.###>#
.....
......(.#
.....
###...###
.....
.......#
.....
###...##
#..## #.##
#####.#####


You could see Harold.

Vanquished Creatures
  A yak (D:7)
  A human (D:7)
  3 hogs (D:7)
  Menkaure (D:6)
  A water moccasin (D:5)
  A sky beast (D:6)
  A phantom (D:5)
  2 ice beasts
  4 ogres
  4 centaurs
  2 bullfrogs
  A wyvern zombie (D:6)
  5 scorpions
  4 wights (D:6)
  2 howler monkeys
  3 crimson imps
  An orc priest (D:7)
  A bullfrog skeleton (D:5)
  3 hounds
  A centaur skeleton (D:4)
  6 iguanas
  2 orc wizards
  Ijyb (D:5)
  Natasha (thrice) (D:2)
  3 worker ants (D:4)
  4 gnolls (D:7)
  12 adders
  3 shadow imps
  2 oozes (D:3)
  2 adder skeletons
  5 worms
  2 leopard geckos
  10 orcs
  10 giant cockroaches
  6 goblins
  5 hobgoblins
  6 jackals
  2 quokkas
  3 ball pythons
  3 bats
  7 frilled lizards
  6 kobolds
  5 rats
150 creatures vanquished.

Notes
Turn   | Place    | Note
-------+----------+-------------------------------------------
     0 | D:1      | MatthieuS the Demonspawn Berserker began the quest for the
                  | Orb.
     0 | D:1      | Reached XP level 1. HP: 18/18 MP: 1/1
    63 | D:1      | Reached skill level 3 in Axes
   106 | D:1      | Gained mutation: You are slightly more attuned to the
                  | shadows. [demonic ancestry]
   106 | D:1      | Reached XP level 2. HP: 17/24 MP: 2/2
   981 | D:2      | Noticed Natasha
   996 | D:2      | Killed Natasha
   996 | D:2      | Gained mutation: You are significantly more attuned to the
                  | shadows. [demonic ancestry]
   996 | D:2      | Reached XP level 3. HP: 20/29 MP: 3/3
  1109 | D:2      | Found an iron altar of Okawaru.
  1129 | D:2      | Reached ** piety under Trog
  1391 | D:2      | Noticed Natasha
  1395 | D:2      | Killed Natasha
  1395 | D:2      | Reached skill level 4 in Axes
  1395 | D:2      | Gained mutation: You have large cloven feet. [demonic
                  | ancestry]
  1395 | D:2      | Reached XP level 4. HP: 37/37 MP: 4/4
  1471 | D:2      | Noticed Natasha
  1486 | D:2      | HP: 1/37 [Natasha (2)]
  1487 | D:2      | Killed Natasha
  2633 | D:3      | Gained mutation: You are partially covered in sharp spines.
                  | [demonic ancestry]
  2633 | D:3      | Reached XP level 5. HP: 26/42 MP: 5/5
  3243 | D:3      | Reached skill level 5 in Axes
  3428 | D:3      | Found an opulent altar of Gozag.
  3658 | D:4      | Gained mutation: You are mostly covered in sharp spines.
                  | [demonic ancestry]
  3658 | D:4      | Reached XP level 6. HP: 48/49 MP: 6/6
  3947 | D:4      | Found a staircase to the Ecumenical Temple.
  4035 | D:4      | Reached skill level 5 in Fighting
  4035 | D:4      | Reached skill level 6 in Axes
  4045 | D:4      | Found a burning altar of Makhleb.
  4127 | D:4      | Found a sparkling altar of Nemelex Xobeh.
  4223 | D:4      | Reached *** piety under Trog
  4223 | D:4      | Gained mutation: You are partially covered in slimy green
                  | scales. (AC +2) [demonic ancestry]
  4223 | D:4      | Reached XP level 7. HP: 45/56 MP: 7/7
  4603 | D:5      | Entered Level 5 of the Dungeon
  4733 | D:5      | Reached skill level 7 in Axes
  4802 | D:5      | Reached XP level 8. HP: 64/64 MP: 8/8
  5232 | D:5      | Noticed Ijyb
  5238 | D:5      | Killed Ijyb
  5405 | D:5      | Found Geatalidu's General Store.
  5419 | D:5      | Bought an uncursed ring of stealth for 175 gold pieces
  5474 | D:5      | Reached skill level 8 in Axes
  6051 | D:6      | Found a glowing silver altar of Zin.
  6065 | D:6      | Reached **** piety under Trog
  6065 | D:6      | Reached skill level 9 in Axes
  6108 | D:6      | Noticed Menkaure
  6113 | D:6      | Killed Menkaure
  6156 | D:6      | Reached XP level 9. HP: 57/72 MP: 9/9
  6913 | D:7      | Reached skill level 10 in Axes
  7446 | D:7      | Noticed Harold
  7458 | D:7      | Slain by Harold

Levels and vault maps discovered:
D:1:      minmay_arrival_up_and_down, layout_basic, serial_bayou_pond_c
D:2:      layout_loops_cross, kennysheep_okawaru_gauntlet, uniq_natasha
D:3:      layout_basic, nicolae_gozag_seed_capital, first_ration
D:4:      layout_basic, makhleb_heckhound_becter,
          nicolae_overflow_hidden_temple, minmay_temple_entry_sparse_star
D:5:      layout_basic, portal_sewer_entry_f, serial_shops, shop,
          feat_on_display, uniq_ijyb
D:6:      layout_loops_ring, kennysheep_mini, small_statue_intersection,
          grunt_decor_fettered, uniq_menkaure
D:7:      layout_loops_corners, tgw_xom, grunt_livestock, uniq_harold

Skill      XL: |  1  2  3  4  5  6  7  8  9 |
---------------+----------------------------+-----
Axes           | 3 4 5 6 7 9 10 | 10.9
Fighting       | 4 5 6 7 8 |  8.7
Armour         | |  1.7
Dodging        | |  1.7

Action                   |  1- 3 |  4- 6 |  7- 9 || total
-------------------------+-------+-------+-------++-------
Melee: Hand axe          |    80 |   205 |   166 ||   451
       Kick              |       |     7 |       ||     7
       Battleaxe         |       |       |    67 ||    67
Invok: Berserk           |     1 |       |     4 ||     5
  Use: Scroll            |       |       |     8 ||     8
 Stab: Sleeping          |       |       |     4 ||     4
  Eat: Chunk             |     2 |    10 |    10 ||    22
       Ration            |       |       |     1 ||     1
Armor: Animal skin       |     3 |       |       ||     3
       Chain mail        |    36 |   126 |    90 ||   252
Dodge: Dodged            |    34 |    77 |    70 ||   181
Block: Buckler           |       |    11 |    21 ||    32

Table legend:
 A = Non-vault XP
 B = Vault XP
 C = Vault XP percentage of total XP
 D = Non-vault monster count
 E = Vault monster count
 F = Vault count percentage of total count
                 A         B        C        D         E       F
            +---------+---------+-------+---------+---------+-------
      Total |    3787 |    1267 |  25.1 |     135 |      15 |  10.0
            +---------+---------+-------+---------+---------+-------
        D:1 |      30 |       0 |   0.0 |      20 |       0 |   0.0
        D:2 |     101 |      35 |  25.7 |      12 |       1 |   7.7
        D:3 |     143 |       0 |   0.0 |      25 |       0 |   0.0
        D:4 |     559 |      43 |   7.1 |      20 |       1 |   4.8
        D:5 |    1100 |      49 |   4.3 |      21 |       7 |  25.0
        D:6 |    1132 |     172 |  13.2 |      18 |       1 |   5.3
        D:7 |     722 |     968 |  57.3 |      19 |       5 |  20.8
            +---------+---------+-------+---------+---------+-------
